 Dungeon Crawl Stone Soup version 0.30-a0-743-gbfdf073431 (webtiles) character file.

Game seed: 953592234851681241

126 DeathSun the Poker (level 4, 0/38 HPs)
             Began as a Draconian Monk on Feb 6, 2023.
             Slain by Edmund
             ... wielding a +0 flail of venom
              (4 damage)
             ... on level 4 of the Dungeon.
             The game lasted 00:05:11 (2807 turns).

DeathSun the Poker (Draconian Monk)                 Turns: 2807, Time: 00:05:12

Health: 0/38       AC:  6    Str: 15    XL:     4   Next: 83%
Magic:  4/4        EV: 12    Int: 10    God:
Gold:   71         SH:  0    Dex: 14    Spells: 3/3 levels left

rFire   . . .      SeeInvis .    a - +0 spear
rCold   . . .      Faith    .    (no shield)
rNeg    . . .      Spirit   .    (body armour unavailable)
rPois   .          Reflect  .    (helmet restricted)
rElec   .          Harm     .    t - +0 cloak
rCorr   .          Rampage  .    (no gloves)
Will    .....                    (no boots)
Stlth   ++                       (no amulet)
HPRegen 1.06/turn                (no ring)
MPRegen 0.09/turn                (no ring)

@: mighty, lethally poisoned (0 -> -4)
A: AC +5, unfitting armour, cold-blooded, regeneration 1, wild magic 1
a: no special abilities


You were on level 4 of the Dungeon.
You visited 1 branch of the dungeon, and saw 4 of its levels.

You collected 71 gold pieces.

Inventory:

Hand Weapons
 a - a +0 spear (weapon)
Missiles
 c - 9 poisoned darts (quivered)
Armour
 t - a +0 cloak (worn)
Scrolls
 d - a scroll of torment {unknown}
 e - 2 scrolls of teleportation {unknown}
 g - a scroll of silence {unknown}
 i - a scroll of poison {unknown}
 j - a scroll of identify {unknown}
 l - a scroll of enchant armour {unknown}
 q - a scroll of enchant weapon {unknown}
 s - a scroll of immolation {unknown}
 u - a scroll of magic mapping {unknown}
Potions
 b - a potion of ambrosia
 h - a potion of degeneration {unknown}
 k - a potion of curing {unknown}
 m - a potion of cancellation {unknown}
 n - a potion of haste {unknown}
 o - a potion of invisibility {unknown}
 p - 2 potions of might
 r - a potion of flight {unknown}
 v - a potion of attraction {unknown}


   Skills:
 - Level 3.2 Fighting
 * Level 5.6 Polearms
 - Level 2.6 Dodging
 - Level 1.7 Stealth


You had 3 spell levels left.
You didn't know any spells.
Your spell library contained the following spells:

 Spells                   Type           Power      Damage    Failure   Level
 Inner Flame              Hex/Fire       0%         N/A       82%         3
 Cause Fear               Hex            0%         N/A       99%         4
 Discord                  Hex            0%         N/A       100%        8


Dungeon Overview and Level Annotations

Branches:
Dungeon (4/15)
 Temple: D:4-7

Altars:
Elyvilon
Wu Jian

Annotations:
D:4 Edmund


Innate Abilities, Weirdness & Mutations

Your plain brown scales are hard. (AC +5)
You cannot fit into any form of body armour.
You are cold-blooded and may be slowed by cold attacks.
Your natural rate of healing is unusually fast.
Your spells are a little harder to cast, but a little more powerful.


Message History

Edmund closely misses you.
Throw: 11 darts (poison)
Press: ? - help, Q - select action Shift-Dir - straight line, f/p - Edmund
Aim: Edmund, wielding a +0 flail of venom and wearing a +3 ring mail of willpower (moderately wounded, 63% to hit)
You throw a poisoned dart.
The poisoned dart closely misses Edmund.
You feel sick. Edmund barely misses you.
You hit Edmund but do no damage.
Your tail-slap misses Edmund.
Edmund is moderately wounded.
You feel sick. Edmund closely misses you.
You hit Edmund but do no damage.
Edmund is moderately wounded.
You feel sick.
Edmund hits you with a +0 flail of venom.
You are more poisoned.
Throw: 10 darts (poison)
Press: ? - help, Q - select action Shift-Dir - straight line, f/p - Edmund
Aim: Edmund, wielding a +0 flail of venom and wearing a +3 ring mail of willpower (moderately wounded, 63% to hit)
You throw a poisoned dart. The poisoned dart hits Edmund.
Edmund is poisoned.
Edmund is moderately wounded.
You feel very sick.
Edmund hits you with a +0 flail of venom.
You are lethally poisoned!
Unknown command.
It was a potion of might.
You feel very mighty all of a sudden.
* * * LOW HITPOINT WARNING * * *
You feel very sick. Edmund barely misses you.
You barely miss Edmund.
Edmund is moderately wounded.
* * * LOW HITPOINT WARNING * * *
You feel very sick. Edmund closely misses you.
It was a potion of mutation.
You feel extremely strange.
You feel less in control of your magic.
You begin to heal more quickly.
* * * LOW HITPOINT WARNING * * *
You feel very sick.
Edmund hits you with a +0 flail of venom.
You die...

####.
......##############
(().....(..........#
##(...##.#.#######.######
...(.†##.#.#######.......
#.............).#####
#...............# .....
####@#.#######.## #. ....
#@#.# #.# #.# #.(. #.#.#
#.# ... ... #.#.#######.#
#.# .. #.#.##...##.#
#.##.# ..#......##.#
#.##.#### ####........#
...<....# #....#.#>#
..†..##.#####
#...##.########
#.#.........#
##†.#(.........


You could see Edmund (poisoned).

Vanquished Creatures
  A gnoll (D:2)
  5 adders
  2 worms
  2 dart slugs (D:1)
  2 orcs (D:3)
  2 endoplasms
  3 giant cockroaches
  5 goblins
  3 hobgoblins
  2 jackals (D:1)
  10 kobolds
  A quokka (D:1)
  4 ball pythons
  11 bats
  3 frilled lizards
  2 rats (D:1)
58 creatures vanquished.

Notes
Turn   | Place    | Note
-------+----------+-------------------------------------------
     0 | D:1      | DeathSun the Draconian Monk began the quest for the Orb.
     0 | D:1      | Reached XP level 1. HP: 19/19 MP: 1/1
   116 | D:1      | Reached XP level 2. HP: 26/26 MP: 2/2
   387 | D:1      | Reached skill level 4 in Polearms
   937 | D:2      | Reached XP level 3. HP: 28/31 MP: 3/3
  1220 | D:2      | Found a white marble altar of Elyvilon.
  1374 | D:2      | Reached XP level 4. HP: 32/38 MP: 4/4
  1465 | D:2      | You fall into a shaft and drop 1 floor!
  1487 | D:2      | Reached skill level 5 in Polearms
  2746 | D:4      | Found an ornate altar of the Wu Jian Council.
  2787 | D:4      | Noticed Edmund
  2807 | D:4      | Gained mutation: Your spells are a little harder to cast,
                  | but a little more powerful. [potion of mutation]
  2807 | D:4      | Gained mutation: Your natural rate of healing is unusually
                  | fast. [potion of mutation]
  2807 | D:4      | Slain by Edmund

Illustrated notes

Levels and vault maps discovered:
D:1:      scummos_arrival_checkerplants, layout_basic, minmay_tromino_v4_c
D:2:      layout_basic, basic_altar, minmay_goblin_kobold_house
D:3:      layout_loops_corners, minmay_snake_closets
D:4:      layout_loops_ring, nzn_wu_jian_contemplation, serial_shops, shop,
          corexii_corridor_pit, chequers_serial_rivers_large_a, uniq_edmund,
          uniq_crazy_yiuf_cottage

Skill      XL: |  1  2  3  4 |
---------------+-------------+-----
Polearms       | 4 5 |  5.6
Fighting       | |  3.2
Dodging        | |  2.6
Stealth        | |  1.7

Action                     |  1- 3 |  4- 6 || total
---------------------------+-------+-------++-------
  Melee: Spear             |   120 |   101 ||   221
         Tailslap          |    16 |    14 ||    30
         Punch             |       |     2 ||     2
  Throw: Dart              |     6 |    13 ||    19
    Use: Potion            |       |     2 ||     2
   Stab: Sleeping          |     6 |     3 ||     9
 Armour: Skin              |    34 |    18 ||    52
  Dodge: Dodged            |    65 |    47 ||   112

Table legend: (Time is in decaauts)
 A = Elapsed time spent in this place.
 B = Non-inter-level travel time spent in this place.
 C = Inter-level travel time spent in this place.
 D = Time resting spent in this place.
 E = Time spent auto-exploring this place.
 F = Levels seen in this place.
 G = Mean time per level.
                   A        B        C        D        E       F      G
               +--------+--------+--------+--------+--------+-----+--------+
         Total |   2783 |   2584 |    199 |      0 |   2036 |   4 |  695.8 |
       Dungeon |   2783 |   2584 |    199 |      0 |   2036 |   4 |  695.8 |
               +--------+--------+--------+--------+--------+-----+--------+

Top non-repeatable levels by time:
     D:2: 1179 daAuts
     D:1: 927 daAuts
     D:3: 486 daAuts
     D:4: 190 daAuts
